Map: Acropolis LE

Players

SortOf

  • Race: Zerg Zerg
  • League: Diamond
  • Spawn Location: 5:00

HeRoMaRinE - Winner!

  • Race: Terran Terran
  • Spawn Location: 11:00

Event: 2019 WCS Summer

VOD

Have the link to the VOD?

Description

Time

  • Played on: July 13, 2019, 11:27 a.m.
  • Length: 14:09

All games in this series

Show
View Real Time Build Order
Export as new Build Order

SortOf Zerg 

Build Orders: Hatch First, Brood Lord Corruptor 

Get SALT Encoding   

  12  0:00  Drone  
  13  0:12  Overlord  
  13  0:17  Drone  
  14  0:30  Drone x2  
  16  0:48  Hatchery  
  15  0:51  Drone  
  15  0:54  Drone  
  17  0:58  Drone  
  18  1:10  Extractor  
  17  1:13  Spawning Pool  
  17  1:16  Drone  
  17  1:19  Drone  
  18  1:28  Drone  
  19  1:39  Drone  
  20  1:49  Overlord  
  20  2:00  Queen  
  22  2:01  Queen  
  22  2:02  Zergling x4  
  26  2:11  Drone x2  
  28  2:22  Hatchery  
  26  2:38  Queen  
  26  2:39  Metabolic Boost  
  26  2:42  Drone  
  29  2:48  Drone  
  29  2:50  Overlord  
  30  2:51  Drone x2  
  32  3:00  Drone x2  
  34  3:08  Queen  
  34  3:10  Drone x2  
  38  3:13  Overlord  
  38  3:15  Drone  
  38  3:18  Drone  
  40  3:23  Drone x2  
  40  3:26  Overlord  
  42  3:34  Drone, Queen  
  42  3:35  Drone  
  42  3:40  Overlord  
  46  3:42  Zergling x4  
  48  3:48  Drone  
  48  3:51  Drone x3  
  52  3:56  Drone x4  
  52  4:01  Queen  
  58  4:07  Overlord  
  58  4:10  Drone x3  
  58  4:17  Drone x2  
  63  4:20  Queen  
  63  4:21  Overlord  
  63  4:24  Lair  
  65  4:27  Drone x2  
  65  4:29  Drone  
  65  4:30  Drone  
  69  4:32  Zergling x4  
  69  4:33  Drone  
  69  4:37  Drone, Extractor  
  72  4:40  Drone x4  
  76  4:52  Spore Crawler  
  75  4:53  Spore Crawler  
  75  4:55  Spore Crawler  
  75  4:56  Drone x8  
  75  4:57  Baneling Nest  
  80  5:04  Zergling x2  
  80  5:05  Overlord  
  81  5:10  Extractor, Overlord  
  81  5:12  Queen, Evolution Chamber  
  81  5:13  Evolution Chamber  
  80  5:23  Drone, Overseer  
  80  5:24  Drone, Overlord  
  80  5:25  Drone x7  
  89  5:28  Extractor  
  89  5:31  Zergling x4  
  89  5:32  Queen  
  91  5:37  Drone x2  
  91  5:39  Overlord  
  91  5:40  Drone x3  
  94  5:47  Drone x4  
  95  5:55  Drone x4  
  99  6:00  Extractor  
  99  6:02  Overlord  
  99  6:03  Hydralisk Den, Zerg Melee Weapons Level 1  
  97  6:06  Zerg Ground Armor Level 1  
  97  6:09  Zergling x6  
  100  6:12  Spore Crawler  
  100  6:16  Extractor  
  100  6:17  Zergling x2  
  100  6:18  Zergling x4  
  101  6:22  Zergling x8  
  101  6:25  Centrifical Hooks  
  105  6:29  Zergling x4  
  107  6:35  Hatchery  
  107  6:37  Overlord  
  105  6:40  Zergling x2  
  105  6:41  Zergling x8  
  105  6:43  Muscular Augments  
  110  6:47  Zergling x8  
  110  6:48  Baneling x9  
  110  6:53  Overlord  
  114  6:56  Overlord  
  113  7:01  Infestation Pit, Baneling x2  
  113  7:06  Hydralisk x4  
  120  7:15  Hydralisk  
  120  7:16  Hydralisk x2  
  120  7:19  Baneling x2  
  126  7:29  Zergling x20  
  126  7:35  Hydralisk x4  
  121  7:37  Hydralisk  
  121  7:38  Queen x2  
  121  7:43  Zergling x2  
  119  7:44  Hydralisk x2  
  119  7:45  Hydralisk  
  119  7:47  Zergling x2  
  119  7:48  Zergling x2  
  118  8:02  Hydralisk x6  
  128  8:16  Grooved Spines  
  128  8:19  Overlord x4  
  128  8:21  Hatchery, Queen  
  128  8:24  Infestor  
  130  8:32  Zerg Missile Weapons Level 1  
  126  8:36  Drone x2  
  126  8:37  Drone  
  121  8:43  Zergling x18  
  126  8:52  Hive, Pathogen Glands  
  126  8:55  Zerg Melee Weapons Level 2  
  126  8:58  Zergling x4  
  128  9:07  Drone x8  
  128  9:08  Hatchery  
  135  9:10  Baneling x5  
  135  9:11  Overseer  
  135  9:17  Infestor  
  121  9:38  Infestor x2  
  121  9:42  Zergling x26  
  136  9:48  Hydralisk x2  
  136  9:51  Extractor  
  136  9:52  Extractor  
  138  10:00  Zergling x8, Spire  
  138  10:06  Baneling x5  
  141  10:09  Spine Crawler  
  141  10:10  Spore Crawler  
  141  10:12  Drone  
  141  10:13  Drone x4  
  144  10:20  Drone x2  
  144  10:21  Drone x2, Overlord  
  148  10:22  Hydralisk x8  
  148  10:26  Baneling x2  
  164  10:34  Zerg Missile Weapons Level 2  
  158  10:38  Spine Crawler  
  158  10:40  Zergling x14  
  158  10:41  Neural Parasite  
  164  10:48  Extractor x2  
  164  10:49  Drone x2  
  164  10:56  Hydralisk x6  
  174  10:57  Zergling x4  
  174  10:58  Overlord  
  174  11:03  Overlord  
  178  11:13  Greater Spire, Overlord  
  178  11:21  Corruptor x4  
  178  11:22  Overlord  
  178  11:24  Drone x2  
  185  11:29  Corruptor  
  185  11:32  Corruptor  
  182  11:43  Corruptor x3  
  178  11:47  Corruptor  
  164  11:54  Corruptor x3  
  164  11:57  Zergling x2  
  164  12:00  Corruptor  
  162  12:09  Zergling x4  
  162  12:21  Zergling x26  
  162  12:22  Zergling x6  
  166  12:25  Brood Lord  
  165  12:35  Zergling x4  
  165  12:36  Zergling x18  
  127  12:44  Zergling x2  
  127  12:49  Brood Lord x3  
  125  12:57  Infestor x3  
  125  12:58  Infestor x2  
  126  13:09  Brood Lord  
  126  13:10  Brood Lord x2  
  125  13:22  Corruptor x3  
  130  13:35  Corruptor  
  134  13:52  Drone  
  139  13:57  Drone  
Show
View Real Time Build Order
Export as new Build Order

HeRoMaRinE Terran - Winner!

Build Orders: Hellion Opening, Reaper Expand 

Get SALT Encoding   

  12  0:00  SCV  
  13  0:12  SCV  
  14  0:17  Supply Depot  
  14  0:25  SCV  
  15  0:38  SCV  
  15  0:39  Barracks  
  16  0:43  Refinery  
  16  0:50  SCV  
  17  1:03  SCV  
  18  1:15  SCV  
  19  1:27  Orbital Command, Reaper  
  20  1:38  Command Center  
  20  1:48  Supply Depot  
  20  1:52  SCV  
  21  1:59  Marine  
  22  2:04  SCV  
  22  2:07  Factory  
  23  2:12  Refinery  
  23  2:16  SCV  
  23  2:20  Barracks Reactor  
  24  2:29  SCV  
  25  2:41  SCV  
  26  2:51  Orbital Command  
  26  2:53  SCV  
  26  2:56  Starport  
  27  3:00  Hellion x2  
  27  3:02  Marine  
  27  3:05  SCV  
  33  3:16  SCV  
  33  3:17  SCV  
  35  3:21  Hellion x2  
  35  3:26  Supply Depot  
  39  3:28  SCV  
  39  3:29  SCV  
  39  3:32  Fusion Core  
  41  3:35  Starport Tech Lab  
  41  3:40  SCV  
  42  3:41  SCV  
  42  3:43  Hellion, Supply Depot  
  42  3:48  Hellion  
  47  3:52  SCV  
  47  3:53  SCV  
  49  3:57  Supply Depot  
  49  4:04  SCV  
  49  4:05  SCV  
  51  4:16  SCV  
  52  4:17  SCV  
  52  4:21  Battlecruiser  
  59  4:25  Command Center  
  59  4:29  SCV  
  59  4:30  SCV  
  61  4:37  Refinery x2  
  61  4:40  Hellion  
  61  4:41  SCV  
  61  4:42  SCV  
  61  4:43  Supply Depot  
  67  4:45  Hellion  
  67  4:53  SCV  
  67  4:54  SCV  
  67  4:56  Weapon Refit  
  69  5:05  SCV  
  69  5:06  SCV, Supply Depot  
  75  5:08  Supply Depot  
  71  5:17  SCV  
  71  5:18  SCV  
  71  5:24  Supply Depot  
  71  5:25  Battlecruiser  
  77  5:29  SCV  
  77  5:30  SCV  
  77  5:32  Hellion x2  
  83  5:41  SCV  
  83  5:42  SCV  
  86  5:52  Orbital Command  
  86  5:53  SCV  
  86  5:56  Factory  
  86  5:57  Factory  
  86  5:59  Hellion x2  
  86  6:03  Armory  
  90  6:05  SCV x2  
  90  6:06  Armory  
  90  6:08  Orbital Command  
  92  6:21  SCV x2  
  92  6:24  Hellion x2  
  98  6:25  Refinery  
  98  6:30  Refinery  
  98  6:34  Battlecruiser  
  98  6:35  SCV x2  
  98  6:39  Engineering Bay, SCV  
  107  6:47  SCV x2  
  107  6:52  SCV  
  110  6:57  Terran Vehicle And Ship Armor Level 1, Terran Vehicle Weapons Level 1  
  110  6:59  SCV x2  
  110  7:00  Factory Tech Lab x2  
  112  7:04  SCV  
  113  7:11  SCV x2  
  117  7:16  Hellion  
  117  7:17  Factory x2  
  117  7:27  SCV x2  
  117  7:28  Hellion  
  115  7:33  Cyclone x2  
  115  7:34  Mag-Field Accelerator  
  112  7:37  Hellion  
  112  7:39  SCV  
  112  7:40  SCV x2  
  113  7:49  Hellion  
  115  7:57  Battlecruiser  
  117  7:59  Hellion  
  117  8:04  Supply Depot  
  117  8:05  Supply Depot  
  116  8:06  Factory Tech Lab  
  116  8:07  Factory Reactor  
  116  8:11  Command Center  
  115  8:15  Siege Tank  
  115  8:16  Siege Tank  
  119  8:20  Sensor Tower  
  119  8:21  Hellion x2  
  119  8:25  Supply Depot  
  123  8:29  Siege Tank  
  123  8:31  Hellion x2  
  126  8:40  SCV x2  
  126  8:41  SCV  
  133  8:48  Siege Tank x2, Hellion x2  
  139  8:58  Hellion  
  139  8:59  Hellion, Infernal Pre-Igniter  
  139  9:00  Command Center  
  143  9:08  Missile Turret  
  143  9:10  Terran Vehicle Weapons Level 2  
  143  9:20  Hellion  
  143  9:21  Hellion  
  145  9:31  SCV x2  
  144  9:32  SCV  
  136  9:42  Hellion x3  
  136  9:43  Siege Tank x3, SCV  
  136  9:44  Hellion  
  144  9:55  SCV x2  
  144  9:58  Planetary Fortress  
  144  9:59  Refinery  
  146  10:00  Refinery  
  146  10:06  SCV, Supply Depot  
  148  10:07  SCV  
  148  10:11  Supply Depot  
  148  10:12  SCV, Supply Depot  
  149  10:15  Siege Tank x3  
  158  10:24  Factory  
  158  10:25  Factory  
  158  10:29  Missile Turret, Supply Depot  
  158  10:30  Terran Vehicle And Ship Armor Level 2, Missile Turret  
  158  10:44  Hellion x2  
  158  10:46  Hellion x2  
  158  10:47  Sensor Tower, Cyclone x2  
  172  10:52  Planetary Fortress  
  172  10:59  SCV x2  
  172  11:00  Refinery, Missile Turret, SCV x2  
  172  11:02  Refinery, Missile Turret  
  176  11:09  Factory Reactor, Factory Tech Lab, Cyclone  
  179  11:15  Factory  
  179  11:19  Cyclone  
  182  11:27  Cyclone x2  
  182  11:28  Hellion x2  
  182  11:29  Hellion  
  194  11:35  Command Center  
  194  11:41  Cyclone  
  194  11:46  Orbital Command  
  179  11:47  Hellion  
  179  11:51  Cyclone  
  179  11:52  Hellion  
  184  11:59  Cyclone x2  
  182  12:03  Hellion  
  182  12:06  SCV  
  185  12:08  SCV  
  185  12:09  SCV  
  185  12:13  Cyclone  
  177  12:23  Cyclone  
  177  12:24  SCV x3  
  177  12:27  SCV  
  182  12:31  SCV, Cyclone x2  
  182  12:36  SCV  
  178  12:41  Hellion  
  175  12:45  Cyclone  
  178  12:51  Hellion x2  
  178  12:56  Cyclone  
  178  12:57  Hellion  
  183  13:03  Cyclone x2  
  187  13:17  Cyclone  
  187  13:21  Factory Tech Lab, Hellion x2  
  187  13:26  Hellion x2  
  195  13:28  Cyclone  
  195  13:31  SCV x2  
Tags
 
Add a new tag
Caveats
  • Supply blocks, unpowered buildings, or Contaminate may cause inaccurate times.
  • Supply counts are checked every 10 seconds.